 Dungeon Crawl Stone Soup version 0.21.1-1-g345015f (webtiles) character file.

12989 Mgcat the Covert (level 12, 0/87 HPs)
             Began as an Octopode Berserker on Feb 9, 2018.
             Was an Elder of Trog.
             Slain by a five-headed hydra (11 damage)
             ... on level 1 of the Lair of Beasts.
             The game lasted 00:32:30 (11877 turns).

Mgcat the Covert (Octopode Berserker)              Turns: 11877, Time: 00:32:30

Health: 0/87       AC:  1    Str: 17    XL:     12   Next: 1%
Magic:  12/12      EV: 19    Int: 10    God:    Trog [****..]
Gold:   408        SH:  5    Dex: 15    Spells: 11/11 levels left

rFire    x . .     SeeInvis .   D - +1 dagger (venom)
rCold    + + .     Gourm    .   K - +0 buckler {reflect}
rNeg     . . .     Faith    .   (helmet restricted)
rPois    .         Spirit   .   i - amulet of regeneration {+regen, !d}
rElec    .         Reflect  +   o - ring of ice {rC+, rF-}
rCorr    .         Harm     .   G - ring of protection from cold {rC+, !d}
MR       +++..                  k - ring of flight {+Fly, !d}
Stlth    ++++++....             z - ring of protection from magic {MR+, !d}
HPRegen  1.64/turn              (no ring)
MPRegen  0.13/turn              (no ring)
                                (no ring)
                                (no ring)

@: berserk cooldown, regenerating, slowed, very slow
A: almost no armour, stealthy swim, amphibious, 8 rings, constrict 8, camouflage
1, gelatinous body 1
a: Berserk, Trog's Hand, Brothers in Arms, Burn Spellbooks, Renounce Religion,
Evoke Flight


You were on level 1 of the Lair of Beasts.
You worshipped Trog.
Trog was greatly pleased with you.
You were near starving.

You visited 2 branches of the dungeon, and saw 12 of its levels.

You collected 783 gold pieces.
You spent 375 gold pieces at shops.

Inventory:

Hand Weapons
 y - a +2 long sword of protection
   (You took it off an orc warrior on level 9 of the Dungeon)
 D - a +1 dagger of venom (weapon)
   (You took it off a big kobold on level 6 of the Dungeon)
Missiles
 e - 10 curare-tipped needles
 E - 9 tomahawks
 J - 3 exploding tomahawks (quivered)
Armour
 v - a +3 buckler
   (You bought it in a shop on level 9 of the Dungeon)
 K - a +0 buckler of reflection (worn)
   (You bought it in a shop on level 11 of the Dungeon)
Jewellery
 i - an amulet of regeneration (around mantle) {+regen, !d}
   (You found it on level 8 of the Dungeon)
 k - a ring of flight (on tentacle) {+Fly, !d}
   (You found it on level 10 of the Dungeon)
 o - a ring of ice (left tentacle) {rC+, rF-}
   (You took it off a kobold on level 2 of the Dungeon)
 z - a ring of protection from magic (on tentacle) {MR+, !d}
   (You found it on level 1 of the Lair of Beasts)
 G - a ring of protection from cold (right tentacle) {rC+, !d}
   (You found it on level 10 of the Dungeon)
Wands
 c - a wand of enslavement (18)
   (You found it on level 8 of the Dungeon)
 q - a wand of random effects (32)
   (You found it on level 3 of the Dungeon)
 s - a wand of flame (17)
   (You took it off Ijyb on level 3 of the Dungeon)
 u - a wand of polymorph (30)
   (You found it on level 4 of the Dungeon)
 I - a wand of paralysis (9)
   (You found it on level 11 of the Dungeon)
Scrolls
 h - a scroll of enchant armour
 m - 4 scrolls of identify
 n - 2 scrolls of teleportation
 r - 6 scrolls of blinking {!r}
 A - a scroll of fog
 F - 2 scrolls of remove curse
 H - a scroll of random uselessness {unknown}
Potions
 d - a potion of might {unknown}
 f - a potion of ambrosia {unknown}
 g - 9 potions of curing
 j - 2 potions of agility {unknown}
 l - a potion of berserk rage {unknown}
 p - 3 potions of resistance {unknown}
 t - 3 potions of degeneration {unknown}
 w - 3 potions of heal wounds
 x - 5 potions of lignification {unknown}
Miscellaneous
 C - a box of beasts
Comestibles
 b - 23 rations


   Skills:
 + Level 10.1 Fighting
 + Level 10.2 Long Blades
 + Level 4.6 Throwing
 + Level 9.1 Dodging
 + Level 10.5 Stealth
 + Level 4.5 Shields


You had 11 spell levels left.
You didn't know any spells.

Dungeon Overview and Level Annotations

Branches:
Dungeon (11/15)            Temple (0/1) D:7            Lair (1/6) D:11
    Orc (0/2) D:9

Altars:
Elyvilon
Fedhas
Hepliaklqana
Nemelex Xobeh
Sif Muna
Trog
Uskayaw

Shops:
D:9 [   D:10 :   D:11 %[*}

Annotations:
D:3 exclusion: door


Innate Abilities, Weirdness & Mutations

You cannot wear most types of armour.
You are very stealthy in the water. (Stealth+)
You are amphibious.
You can wear up to eight rings at the same time.
You can use your tentacles to constrict eight enemies at once.
Your skin changes colour to match your surroundings (Stealth+).
Your rubbery body absorbs attacks. (AC +1, EV +1)


Message History

There is an open door here.
You found an alarm trap!
You see here a pair of gloves.
You open the door.
There is an open door here.
You open the door.
There is an open door here.
There is an open door here.
You open the door.
There is an open door here.
There is an open door here.
Partly explored, can't reach some places.
There is an open door here.
Really walk into a travel-excluded area?
The five-headed hydra roars!
Wield which item (- for none, * to show all)? (? for menu, Esc to quit)
Okay, then.
Unknown command.
Unknown command.
Quiver which item? (- for none, * to show all) (? for menu, Esc to quit)
Quivering
J - 6 exploding tomahawks for throwing.
Throwing (i - inventory. (,) - cycle):
J - 6 exploding tomahawks (quivered)
Press: ? - help, Shift-Dir - straight line, f - five-headed hydra
Aim: a five-headed hydra You throw an exploding tomahawk.
The exploding tomahawk hits the five-headed hydra!
The five-headed hydra is lightly wounded.
The exploding tomahawk explodes!
The explosion of tomahawk fragments engulfs the five-headed hydra.
The five-headed hydra is lightly wounded.
The explosion of tomahawk fragments engulfs the plant.
You hit the five-headed hydra.
Your squeeze misses the five-headed hydra.
The five-headed hydra is lightly wounded.
The five-headed hydra bites you! x2
The five-headed hydra closely misses you.
The five-headed hydra completely misses you.
The five-headed hydra bites you.
Okay, then.
A red film seems to cover your vision as you go berserk!
You feel yourself moving faster!
You feel mighty!
You are feeling very hungry.
The five-headed hydra bites you. The five-headed hydra bites you!
The five-headed hydra barely misses you.
The five-headed hydra misses you. x2
You feel a strong urge to attack something.
You feel your anger nearly subside.
You are no longer berserk.
You are exhausted.
You feel yourself slow down.
Quiver which item? (- for none, * to show all) (? for menu, Esc to quit)
Quivering
a - a throwing net {=f, !d} for throwing.
Throwing (i - inventory. (,) - cycle):
a - a throwing net (quivered)
{=f, !d}
Press: ? - help, Shift-Dir - straight line, f/p - five-headed hydra
Aim: a five-headed hydra (lightly wounded)
You throw a throwing net {=f, !d}.
The throwing net {=f, !d} hits the five-headed hydra.
The five-headed hydra is caught in the net!
The five-headed hydra is lightly wounded.
The five-headed hydra struggles against the net.
The five-headed hydra struggles against the net. x2
The five-headed hydra struggles against the net.
The five-headed hydra struggles against the net.
The net rips apart, and the five-headed hydra comes free!
Quiver which item? (- for none, * to show all) (? for menu, Esc to quit)
Quivering
J - 5 exploding tomahawks for throwing.
Throwing (i - inventory. (,) - cycle):
J - 5 exploding tomahawks (quivered)
Press: ? - help, Shift-Dir - straight line, f/p - five-headed hydra
Aim: a five-headed hydra You throw an exploding tomahawk.
The exploding tomahawk hits the five-headed hydra.
The five-headed hydra is lightly wounded.
The exploding tomahawk explodes!
The explosion of tomahawk fragments engulfs the five-headed hydra.
The five-headed hydra is lightly wounded.
Throwing (i - inventory. (,) - cycle):
J - 4 exploding tomahawks (quivered)
Press: ? - help, Shift-Dir - straight line, f/p - five-headed hydra
Aim: a five-headed hydra (lightly wounded)
You throw an exploding tomahawk.
The exploding tomahawk barely misses the five-headed hydra.
The exploding tomahawk explodes!
You block the five-headed hydra's attack.
The five-headed hydra bites you. x2
You block the five-headed hydra's attack.
The five-headed hydra misses you.
Your skin crawls.
You feel resistant to hostile enchantments.
You are near starving!
The five-headed hydra barely misses you.
The five-headed hydra misses you.
The five-headed hydra closely misses you.
The five-headed hydra bites you. The five-headed hydra bites you!
You block the five-headed hydra's attack.
The five-headed hydra barely misses you. x2
The five-headed hydra bites you!
* * * LOW HITPOINT WARNING * * *
The five-headed hydra bites you!
* * * LOW HITPOINT WARNING * * *
You fail to use your ability.
The five-headed hydra bites you!
You die...

#...#.#.P.# #.......## ##.
#.....#...# #..##.#.# #..
####..#..## #...#...# ###
###.#### ##...#####
#...########.#......#
##.##.P.##.P#...#...#######
#........#..+.#.#...'..##.##
#..>.....#.#...)###.#.......
##.........D@#.......#######.
#.........####.....#..# #.
##........# #....#...## ##
#........# ##P#.#+.##
######..## #####.## #.#P..#
#..# #....## ######'## #..###
#.......# ### ###.###
#.......######.#


You could see a five-headed hydra.

Vanquished Creatures
  A two-headed ogre (D:9)
  Joseph (D:8)
  Psyche (D:8)
  3 spiny frogs (Lair:1)
  A komodo dragon (Lair:1)
  4 trolls
  Prince Ribbit (D:5)
  A hornet (D:11)
  A hippogriff (D:11)
  3 yaks (D:10)
  Sigmund (D:3)
  A spriggan (D:7)
  2 wraiths
  Grum (D:8)
  A wyvern (D:11)
  A basilisk (Lair:1)
  Edmund (D:6)
  A soldier ant (D:10)
  5 water moccasins
  4 orc warriors
  6 porcupines
  A phantom (D:10)
  2 ice beasts
  6 black bears
  2 sky beasts (D:6)
  2 necrophages
  3 ogres
  5 wolves
  6 centaurs
  3 big kobolds
  Blork the orc (D:4)
  2 crocodiles (D:11)
  4 bullfrogs
  A gnoll sergeant (D:11)
  6 scorpions
  9 killer bees
  5 wights (D:7)
  9 howler monkeys
  4 crimson imps
  A bullfrog zombie (D:11)
  A quasit (D:8)
  A centaur zombie (D:3)
  7 hounds
  4 jellies
  A gnoll shaman (D:7)
  4 orc priests
  8 orc wizards
  A bullfrog skeleton (D:4)
  Ijyb (D:3)
  3 iguanas
  11 worker ants
  A hound zombie (D:9)
  3 worker ant zombies (D:5)
  11 gnolls
  12 adders
  A shadow imp (D:9)
  3 oozes
  An adder zombie (D:5)
  7 adder skeletons
  2 worms
  4 dart slugs
  5 leopard geckos
  30 orcs
  A ball python (D:5)
  11 bats
  4 giant cockroaches
  4 hobgoblins
  8 jackals
  7 quokkas
  7 frilled lizards
  A giant cockroach zombie (D:3)
  10 goblins
  2 jackal skeletons
  19 kobolds
  A leopard gecko skeleton (D:5)
  A leopard gecko zombie (D:5)
  9 rats
320 creatures vanquished.

Vanquished Creatures (others)
  6 plants (D:7)
6 creatures vanquished.

Grand Total: 326 creatures vanquished

Notes
Turn   | Place    | Note
-------+----------+-------------------------------------------
     0 | D:1      | Mgcat the Octopode Berserker began the quest for the Orb.
     0 | D:1      | Reached XP level 1. HP: 16/16 MP: 1/1
   260 | D:1      | Reached XP level 2. HP: 21/21 MP: 2/2
   950 | D:2      | Reached XP level 3. HP: 18/27 MP: 3/3
  1332 | D:2      | Reached ** piety under Trog
  1597 | D:2      | Reached skill level 4 in Long Blades
  1597 | D:2      | Reached XP level 4. HP: 33/33 MP: 4/4
  1685 | D:2      | Reached skill level 4 in Fighting
  2045 | D:3      | Noticed Ijyb
  2138 | D:3      | Reached XP level 5. HP: 33/38 MP: 5/5
  2644 | D:3      | Found a deep blue altar of Sif Muna.
  3040 | D:3      | Noticed Sigmund
  3366 | D:4      | Reached skill level 5 in Fighting
  3366 | D:4      | Reached skill level 5 in Long Blades
  3366 | D:4      | Reached XP level 6. HP: 44/45 MP: 6/6
  3374 | D:4      | Noticed Blork the orc
  3624 | D:4      | Reached skill level 1 in Stealth
  3921 | D:4      | Reached skill level 2 in Stealth
  4057 | D:5      | Entered Level 5 of the Dungeon
  4146 | D:5      | Noticed Prince Ribbit
  4285 | D:5      | Reached XP level 7. HP: 41/50 MP: 7/7
  4501 | D:5      | Reached skill level 3 in Stealth
  4889 | D:5      | Reached skill level 4 in Stealth
  5039 | D:6      | Noticed Edmund
  5104 | D:6      | Reached skill level 6 in Long Blades
  5105 | D:6      | Reached skill level 6 in Fighting
  5139 | D:6      | Reached XP level 8. HP: 45/57 MP: 8/8
  5145 | D:6      | Reached skill level 4 in Dodging
  5158 | D:6      | Reached skill level 5 in Stealth
  5324 | D:6      | Reached *** piety under Trog
  5433 | D:6      | HP: 12/58 [sky beast (6)]
  5707 | D:6      | Reached skill level 7 in Long Blades
  5707 | D:6      | Reached skill level 5 in Dodging
  5707 | D:6      | Reached skill level 6 in Stealth
  5808 | D:6      | Found a blossoming altar of Fedhas.
  5808 | D:6      | Found a hide-covered altar of Uskayaw.
  5866 | D:6      | Reached skill level 7 in Fighting
  5917 | D:7      | Reached XP level 9. HP: 32/64 MP: 9/9
  6062 | D:7      | Reached skill level 7 in Stealth
  6184 | D:7      | Found a staircase to the Ecumenical Temple.
  6406 | D:7      | Reached skill level 6 in Dodging
  6700 | D:7      | Found a sparkling altar of Nemelex Xobeh.
  6767 | D:7      | Reached skill level 8 in Stealth
  6876 | D:8      | Noticed Grum
  6921 | D:8      | Noticed Psyche
  6929 | D:8      | Found a white marble altar of Elyvilon.
  6974 | D:8      | Reached **** piety under Trog
  7037 | D:8      | Reached skill level 8 in Long Blades
  7044 | D:8      | Reached skill level 8 in Fighting
  7072 | D:8      | Noticed Joseph
  7085 | D:8      | HP: 22/99 [Joseph/uncursed quarterstaff of pain (10)]
  7087 | D:8      | Killed Joseph
  7087 | D:8      | Reached XP level 10. HP: 25/72 MP: 10/10
  7349 | D:8      | Reached skill level 9 in Stealth
  7415 | D:8      | Killed Psyche
  7415 | D:8      | Reached skill level 7 in Dodging
  7781 | D:8      | Killed Grum
  8007 | D:6      | Received a gift from Trog
  8008 | D:6      | Found a hazy altar of Hepliaklqana.
  8078 | D:6      | Killed Edmund
  8373 | D:5      | Killed Prince Ribbit
  8460 | D:4      | Killed Blork the orc
  8460 | D:4      | Reached skill level 9 in Long Blades
  8510 | D:3      | Killed Sigmund
  8517 | D:3      | Killed Ijyb
  8729 | D:9      | Found a staircase to the Orcish Mines.
  8734 | D:9      | Reached skill level 9 in Fighting
  8734 | D:9      | Reached skill level 10 in Stealth
  8740 | D:9      | Found Gouptaf's Armour Shop.
  8792 | D:9      | Bought a +2 buckler for 231 gold pieces
  8817 | D:9      | Reached skill level 1 in Throwing
  8952 | D:9      | Found a bloodstained altar of Trog.
  8958 | D:9      | Reached skill level 1 in Shields
  8980 | D:9      | Noticed a two-headed ogre
  8987 | D:9      | Killed a two-headed ogre
  8987 | D:9      | Reached skill level 2 in Throwing
  8987 | D:9      | Reached skill level 8 in Dodging
  8989 | D:9      | Reached XP level 11. HP: 80/80 MP: 11/11
  9021 | D:9      | Reached skill level 2 in Shields
  9663 | D:10     | Entered Level 10 of the Dungeon
  9663 | D:10     | Found Riove's Book Shop.
  9883 | D:10     | Reached skill level 3 in Throwing
 10082 | D:10     | Reached skill level 3 in Shields
 10521 | D:11     | Found a staircase to the Lair.
 10649 | D:11     | Found Ovif's Gadget Emporium.
 10687 | D:11     | Reached ***** piety under Trog
 10687 | D:11     | Received a gift from Trog
 10690 | D:11     | Reached skill level 4 in Throwing
 10780 | D:11     | Reached skill level 10 in Long Blades
 10781 | D:11     | Found Gayl's General Store.
 10797 | D:11     | Found Jummimio's Armour Shop.
 10807 | D:11     | Bought a +0 buckler of reflection for 144 gold pieces
 10845 | D:11     | Found Gotutteu's Food Shop.
 10943 | D:11     | Reached skill level 4 in Shields
 11120 | D:11     | Reached skill level 10 in Fighting
 11286 | Lair:1   | Entered Level 1 of the Lair of Beasts
 11408 | Lair:1   | Noticed a five-headed hydra
 11490 | Lair:1   | Reached skill level 9 in Dodging
 11589 | Lair:1   | Reached XP level 12. HP: 87/87 MP: 12/12
 11876 | Lair:1   | HP: 9/87 [five-headed hydra (13)]
 11877 | Lair:1   | Slain by a five-headed hydra

Skill      XL: |  1  2  3  4  5  6  7  8  9 10 11 |
---------------+----------------------------------+-----
Long Blades    | 4 5 6 7 8 9 10 | 10.2
Fighting       | 4 5 6 7 8 9 10 | 10.1
Stealth        | 2 4 6 8 10 | 10.5
Dodging        | 5 6 8 9 |  9.1
Throwing       | 2 4 |  4.6
Shields        | 1 4 |  4.5

Action                   |  1- 3 |  4- 6 |  7- 9 | 10-12 || total
-------------------------+-------+-------+-------+-------++-------
Melee: Dagger            |    63 |   133 |   169 |    20 ||   385
       Constrict         |    17 |    30 |    60 |    54 ||   161
       Falchion          |     5 |       |       |       ||     5
       Tentacles         |    15 |    31 |    73 |    92 ||   211
       Scimitar          |       |       |    88 |    83 ||   171
       Long sword        |       |       |       |   230 ||   230
Throw: Tomahawk          |       |       |     4 |     4 ||     8
       Throwing net      |       |       |       |     1 ||     1
Invok: Berserk           |     1 |     2 |     8 |    18 ||    29
       Trog's Hand       |       |     1 |     5 |     9 ||    15
       Burn Spellbooks   |       |       |       |     3 ||     3
  Use: Scroll            |       |       |    12 |     3 ||    15
 Stab: Sleeping          |     7 |    13 |     4 |    34 ||    58
       Distracted        |       |       |     3 |       ||     3
  Eat: Chunk             |     3 |    11 |    14 |    32 ||    60
       Ration            |       |       |     1 |     1 ||     2
Armor: Skin              |     3 |     7 |     6 |    28 ||    44
Dodge: Dodged            |    36 |    64 |   172 |   211 ||   483
Block: Buckler           |       |       |       |    81 ||    81
       Reflection        |       |       |       |     1 ||     1
       Rpst.: Scimitar   |       |       |    19 |    15 ||    34
       Long sword        |       |       |       |    35 ||    35

Vault maps used:
D:1:      dpeg_arrival_rooms_b, minmay_statues_item
D:3:      serial_undead, serial_undead_b, serial_undead_c, serial_undead_f,
          serial_undead_a, led_sif_book, uniq_ijyb, uniq_sigmund
D:4:      uniq_blork_the_orc
D:5:      mumra_celtic_spiral_tile, first_ration, uniq_prince_ribbit1
D:6:      cheibrodos_thug_alley, lemuel_crystal_altar,
          gammafunk_temple_overflow_elements, uniq_edmund
D:7:      minmay_temple_entry_hall, serial_bayou_pond_c, the_bakery,
          grunt_ministairs_9, nemelex_diamond_rough_becter
D:8:      nicolae_overflow_crystal_walls, uniq_grum, uniq_joseph, uniq_psyche
D:9:      orc_david_3, basic_altar
D:10:     serial_shops, nicolae_shop_statue_plus
D:11:     minmay_lair_entry_grove, serial_shops, shop, nicolae_shop_crystal,
          shop, nicolae_shop_waterfront, lightli_fourway_metalbox

Table legend:
 A = Turns spent in this place as a percentage of turns spent in the entire game.
 B = Non-inter-level travel turns spent in this place as a percentage of non-inter-level travel turns spent in the entire game.
 C = Inter-level travel turns spent in this place as a percentage of turns spent in this place.
 D = Turns resting spent in this place as a percentage of non-inter-level travel turns spent in this place.
 E = Turns spent auto-exploring this place as a percentage of non-inter-level travel turns spent in this place.
 F = Non-inter-level travel turns spent in this place divided by the number of levels of this place that you've seen.
                   A       B       C       D       E      F
               +-------+-------+-------+-------+-------+----------------------
         Total | 100.0 | 100.0 |   7.2 |   1.9 |  76.3 | 918.9
       Dungeon |  95.0 |  94.7 |   7.4 |   2.0 |  76.3 | 949.6
          Lair |   5.0 |   5.3 |   1.7 |   0.0 |  75.7 | 581.0
               +-------+-------+-------+-------+-------+----------------------

Table legend:
 A = Kills in this place as a percentage of kills in entire the game.
 B = Kills by you in this place as a percentage of kills by you in the entire game.
 C = Kills by friends in this place as a percentage of kills by friends in the entire game.
 D = Other kills in this place as a percentage of other kills in the entire game.
 E = Experience gained in this place as a percentage of experience gained in the entire game.
 F = Experience gained in this place divided by the number of levels of this place that you have seen.
                   A       B       C       D       E      F
               +-------+-------+-------+-------+-------+----------------------
         Total | 100.0 | 100.0 |   N/A |   N/A | 100.0 | 1546.4
       Dungeon |  96.6 |  96.6 |   N/A |   N/A |  86.0 | 1451.0
          Lair |   3.4 |   3.4 |   N/A |   N/A |  14.0 | 2596.0
               +-------+-------+-------+-------+-------+----------------------
